 Dungeon Crawl Stone Soup version 0.31-a0-182-gc5ef74bbde (webtiles) character file.

Game seed: 10096423913096756204

60 qw the Chopper (level 4, -4/28 HPs)
             Began as a Gargoyle Fighter on June 20, 2023.
             Killed from afar by Natasha (8 damage)
             ... with a magic dart
             ... on level 2 of the Dungeon.
             The game lasted 00:00:31 (955 turns).

qw the Chopper (Gargoyle Fighter)                    Turns: 955, Time: 00:00:31

Health: -4/28      AC:  0    Str: 21    XL:     4   Next: 4%
Magic:  4/4        EV: 17    Int:  9    God:
Gold:   144        SH:  0    Dex: 14    Spells: 3/3 levels left

rFire   . . .        Y - melded +1 war axe
rCold   . . .        c - melded +0 buckler
rNeg    + . .        b - melded +0 scale mail
rPois   inf          e - melded +0 helmet
rElec   .            (cloak currently unavailable)
rCorr   .            (gloves currently unavailable)
SInv    .            (boots currently unavailable)
Will    .....        (no amulet)
Stlth   +            (ring currently unavailable)
HPRegen 0.24/turn    (ring currently unavailable)
MPRegen 0.09/turn

%: no passive effects
@: bat-form, flying, very quick
A: fast, flying, no casting, sickness immunity, AC +3, tiny, negative energy
resistance 1, (electricity resistance), torment resistance 1, petrification
resistance
a: no special abilities


You were on level 2 of the Dungeon.
You were a bat.
You visited 1 branch of the dungeon, and saw 2 of its levels.

You collected 144 gold pieces.


Innate Abilities, Weirdness & Mutations

You are a bat.
You are tiny and dextrous.
You move quickly.
You are flying.
Your equipment is almost entirely melded.
You are incapable of wielding weapons or throwing items.
You cannot cast spells.
You are immune to sickness and miasma.
((Your stone body is resilient. (AC +3)))
You are immune to poison.
You resist negative energy. (rN+)
((You are resistant to electric shocks. (rElec)))
You are resistant to unholy torment.
You are immune to petrification.


   Skills:
 - Level 3.2 Fighting
 + Level 3.8 Axes
 - Level 3.2 Armour
 - Level 3.2 Shields


You had 3 spell levels left.
You didn't know any spells.
Your spell library was empty.

Inventory:

Hand Weapons
 i - a +0 club
 Y - a +1 war axe (melded)
Armour
 b - a +0 scale mail (melded)
 c - a +0 buckler (melded)
 e - a +0 helmet (melded)
Scrolls
 j - a scroll of identify
Potions
 d - 2 potions of might
 g - a potion of magic
 m - a potion of brilliance {unknown}

Dungeon Overview and Level Annotations

Branches:
Dungeon (2/15)

Altars:

Annotations:
D:2 Natasha


Message History

Natasha zaps a wand.
You turn into a bat.
Your +1 war axe melds into your body.
Your +0 helmet melds into your body.
Your +0 buckler melds into your body.
Your +0 scale mail melds into your body.
You hit Natasha but do no damage.
Natasha is almost dead.
Natasha misses you.
You hit Natasha.
Natasha is almost dead.
The cerulean imp hits you from afar with a +0 spear.
Natasha barely misses you.
You barely miss Natasha.
Natasha is almost dead.
The cerulean imp hits you from afar with a +0 spear.
Natasha barely misses you.
You barely miss Natasha.
Natasha is almost dead.
The cerulean imp hits you from afar with a +0 spear.
You closely miss Natasha.
Natasha is almost dead.
Natasha closely misses you.
You hit Natasha but do no damage.
Natasha is almost dead.
The cerulean imp closely misses you.
Natasha wildly gestures.
You feel disoriented. Natasha misses you.
You hit Natasha but do no damage.
Natasha is almost dead.
The cerulean imp hits you from afar with a +0 spear.
Natasha misses you.
You hit Natasha but do no damage.
Natasha is almost dead.
The cerulean imp hits you from afar with a +0 spear.
Natasha barely misses you.
You hit Natasha.
Natasha is almost dead.
The cerulean imp closely misses you.
Natasha stares at you and mumbles some strange words.
The magic dart hits you!
You die...

#.# .#####..##>.......
># #..###........ .# .
##.## #........ ..
#).# #........ ...
#.## #........ ....
#.# .........
#....###.# .........
#[.<...#.####.######..
.....5hb......#
.....###.###### ...
#... . .###.. . ... =.
.. ## .


You could see Natasha and a cerulean imp (summoned).

Vanquished Creatures
  Natasha (D:2)
  4 dart slugs (D:1)
  4 endoplasms
  2 giant cockroaches (D:2)
  2 goblins (D:1)
  A hobgoblin (D:1)
  2 kobolds
  A quokka (D:2)
  2 ball pythons (D:2)
  4 bats (D:1)
  A frilled lizard (D:1)
24 creatures vanquished.

Notes
Turn   | Place    | Note
-------+----------+-------------------------------------------
     0 | D:1      | qw the Gargoyle Fighter began the quest for the Orb.
     0 | D:1      | Reached XP level 1. HP: 14/14 MP: 1/1
     0 | D:1      | 0 ||| qw: Version: 0.3-a-9-g12657ce
     0 | D:1      | 0 ||| qw: Game counter: 1407
     0 | D:1      | 0 ||| qw: Always use a shield: true
     0 | D:1      | 0 ||| qw: God list: Okawaru
     0 | D:1      | 0 ||| qw: Allow faded altars: false
     0 | D:1      | 0 ||| qw: Do Orc after D:15 true
     0 | D:1      | 0 ||| qw: Do second Lair branch before Depths: true
     0 | D:1      | 0 ||| qw: Lair rune preference: random
     0 | D:1      | 0 ||| qw: Plans: Normal, Zot:1-4, Slime:5, God:TSO, Crypt,
                  | Tomb, Abyss, Pan, Hells, Win
     0 | D:1      | 0 ||| PLANNING D:1-11
   109 | D:1      | 109 ||| Stepping ~*~*~tactically~*~*~ (hiding).
   111 | D:1      | 111 ||| Stepping ~*~*~tactically~*~*~ (hiding).
   112 | D:1      | 112 ||| Stepping ~*~*~tactically~*~*~ (hiding).
   115 | D:1      | 115 ||| Stepping ~*~*~tactically~*~*~ (hiding).
   121 | D:1      | Reached XP level 2. HP: 19/19 MP: 2/2
   363 | D:1      | Found a faded altar of an unknown god.
   396 | D:1      | Reached skill level 3 in Axes
   691 | D:1      | 691 ||| UPGRADING to +0 helmet.
   696 | D:1      | 696 ||| READING scroll labelled CUUCSUZIOQ.
   697 | D:1      | 697 ||| READING 4 scrolls labelled ITANU XOPAIDDO.
   698 | D:1      | 698 ||| READING scroll labelled BYAHIM MYSU.
   699 | D:1      | 699 ||| READING scroll labelled XEUSCH JYKLOH.
   700 | D:1      | 700 ||| READING 3 scrolls of identify.
   700 | D:1      | 700 ||| IDENTIFYING bubbling purple potion
   701 | D:1      | 701 ||| READING 2 scrolls of identify.
   701 | D:1      | 701 ||| IDENTIFYING murky orange potion
   702 | D:1      | 702 ||| DROPPING potion of degeneration.
   722 | D:2      | Reached XP level 3. HP: 23/23 MP: 3/3
   846 | D:2      | Noticed Natasha
   847 | D:2      | 847 ||| Stepping ~*~*~tactically~*~*~ (hiding).
   850 | D:2      | 850 ||| Stepping ~*~*~tactically~*~*~ (hiding).
   859 | D:2      | Killed Natasha
   860 | D:2      | Reached XP level 4. HP: 18/28 MP: 4/4
   935 | D:2      | Noticed Natasha
   936 | D:2      | 936 ||| Stepping ~*~*~tactically~*~*~ (hiding).
   950 | D:2      | HP: 7/28 [cerulean imp/+0 spear[Natasha] (4)]
   955 | D:2      | Killed from afar by Natasha

Levels and vault maps discovered:
D:1:      minmay_arrival_four_houses, layout_basic, basic_ecumenical_altar
D:2:      layout_rooms, uniq_natasha, uniq_terence

Skill      XL: |  1  2 |
---------------+-------+-----
Axes           | 2 3 |  3.8
Fighting       | |  3.2
Armour         | |  3.2
Shields        | |  3.2

Action                     |  1- 3 |  4- 6 || total
---------------------------+-------+-------++-------
  Melee: War axe           |    42 |    13 ||    55
         Unarmed           |     7 |     9 ||    16
    Use: Scroll            |     6 |       ||     6
 Armour: Scale mail        |    13 |     5 ||    18
         Skin              |     1 |       ||     1
  Dodge: Dodged            |    20 |    11 ||    31
  Block: Buckler           |     4 |     2 ||     6

Table legend:
 A = Non-vault XP
 B = Vault XP
 C = Vault XP percentage of total XP
 D = Non-vault monster count
 E = Vault monster count
 F = Vault count percentage of total count
                 A         B        C        D         E       F
            +---------+---------+-------+---------+---------+-------
      Total |      49 |      37 |  43.0 |      23 |       1 |   4.2
            +---------+---------+-------+---------+---------+-------
        D:1 |      33 |       0 |   0.0 |      14 |       0 |   0.0
        D:2 |      16 |      37 |  69.8 |       9 |       1 |  10.0
            +---------+---------+-------+---------+---------+-------
